 Dungeon Crawl Stone Soup version 0.29.1-12-g30fa7ad0bf (webtiles) character file.

Game seed: 1057397902276381941

32 wormed the Trooper (level 3, -2/23 HPs)
             Began as a Gargoyle Fighter on Dec 22, 2022.
             Slain by Natasha (5 damage)
             ... on level 2 of the Dungeon.
             The game lasted 00:01:57 (1165 turns).

wormed the Trooper (Gargoyle Fighter)               Turns: 1165, Time: 00:01:58

Health: -2/23      AC: 15    Str: 21    XL:     3   Next: 27%
Magic:  3/3        EV:  5    Int:  8    God:
Gold:   82         SH:  4    Dex:  9    Spells: 2/2 levels left

rFire   . . .      SeeInvis .   a - +0 flail
rCold   . . .      Faith    .   c - +0 buckler
rNeg    + . .      Spirit   .   g - +0 plate armour
rPois   ∞          Reflect  .   (no helmet)
rElec   +          Harm     .   k - +0 cloak
rCorr   .          Rampage  .   (no gloves)
Will    .....                   (no boots)
Stlth   ..........              (no amulet)
HPRegen 0.07/turn               (no ring)
MPRegen 0.08/turn               (no ring)

@: mighty, slowed, very slow
A: sickness immunity, AC +3, negative energy resistance 1, electricity
resistance, torment resistance 1, petrification resistance
a: no special abilities


You were on level 2 of the Dungeon.
You visited 1 branch of the dungeon, and saw 2 of its levels.

You collected 82 gold pieces.

Inventory:

Hand Weapons
 a - a +0 flail (weapon)
Armour
 c - a +0 buckler (worn)
 g - a +0 plate armour (worn)
 k - a +0 cloak (worn)
Jewellery
 b - a +6 ring of intelligence
Scrolls
 e - a scroll of brand weapon {unknown}
 f - a scroll of magic mapping {unknown}
 h - a scroll of blinking {unknown}
 j - a scroll of vulnerability {unknown}
 n - 3 scrolls of enchant weapon {unknown}
Potions
 i - a potion of lignification {unknown}
 l - a potion of heal wounds {unknown}
 m - 2 potions of curing {unknown}


   Skills:
 + Level 3.6 Fighting
 * Level 2.7 Maces & Flails
 + Level 3.6 Armour
 + Level 3.6 Shields


You had 2 spell levels left.
You didn't know any spells.
Your spell library contained the following spells:

 Spells                   Type           Power      Damage    Failure   Level
 Foxfire                  Conj/Fire      0%         2x1d4     100%        1
 Static Discharge         Conj/Air       0%         3-3/arc   100%        2
 Stone Arrow              Conj/Erth      0%         3d7       100%        3


Dungeon Overview and Level Annotations

Branches:
Dungeon (2/15)

Altars:

Shops:
D:1 *

Annotations:
D:2 Natasha


Innate Abilities, Weirdness & Mutations

You are immune to sickness and miasma.
Your stone body is resilient. (AC +3)
You are immune to poison.
You resist negative energy. (rN+)
You are resistant to electric shocks. (rElec)
You are resistant to unholy torment.
You are immune to petrification.


Message History

There is a stone staircase leading down here.
You see here a dart slug corpse.
Natasha, Servant of Life and Death comes into view.
She is carrying a wand of flame (11).
Natasha hisses angrily.
Natasha is nearby!
Natasha casts a spell at you.
You feel yourself slow down. Natasha casts a spell at you.
The magic dart hits you but does no damage.
Natasha zaps a wand.
The puff of flame hits you!
Ouch! That really hurt!
You are too injured to fight recklessly!
You are too injured to fight recklessly!
You are too injured to fight recklessly!
You are too injured to fight recklessly!
You are too injured to fight recklessly!
You are too injured to fight recklessly!
You are too injured to fight recklessly!
You are too injured to fight recklessly!
You are too injured to fight recklessly!
You are too injured to fight recklessly!
You are too injured to fight recklessly!
You are too injured to fight recklessly!
You are too injured to fight recklessly!
You are too injured to fight recklessly!
You closely miss Natasha. Natasha casts a spell at you.
The magic dart hits you.
* * * LOW HITPOINT WARNING * * *
Natasha howls an incantation.
You feel troubled. Natasha claws you but does no damage.
You feel very mighty all of a sudden.
Natasha stares at you and mumbles some strange words.
The magic dart hits you.
* * * LOW HITPOINT WARNING * * *
Natasha drinks a potion.
Natasha flickers and vanishes!
Deactivating autopickup; reactivate with Ctrl-A.
You closely miss something. Something claws you.
You die...

##....[...##
###.######
#># #.#
#.#####
#.#...#
#######.#.#.#
#.........#.#
#.#####.###@#
#.. #{#
###.#.# ...#
###


There were no monsters in sight!

Vanquished Creatures
  A dart slug (D:2)
  3 endoplasms (D:1)
  A giant cockroach (D:1)
  3 hobgoblins
  2 jackals (D:1)
  2 ball pythons (D:1)
  4 bats (D:1)
  2 frilled lizards
  3 goblins (D:2)
  5 kobolds
  3 rats (D:1)
29 creatures vanquished.

Notes
Turn   | Place    | Note
-------+----------+-------------------------------------------
     0 | D:1      | wormed the Gargoyle Fighter began the quest for the Orb.
     0 | D:1      | Reached XP level 1. HP: 14/14 MP: 1/1
   162 | D:1      | Reached XP level 2. HP: 6/19 MP: 2/2
   433 | D:1      | Got Wit Ynk's Guide on Concussion
   519 | D:1      | Found Bokkobag's General Store.
   527 | D:1      | Reached XP level 3. HP: 23/23 MP: 3/3
  1159 | D:2      | Noticed Natasha
  1165 | D:2      | Slain by Natasha

Illustrated notes

Levels and vault maps discovered:
D:1:      lightli_arrival_statuegarden, layout_rooms, serial_shops,
          nicolae_shop_temple_entry_statues_fountains,
          nicolae_figureground_pulse
D:2:      layout_basic, uniq_natasha

Action                   || total
-------------------------++-------
Melee: Flail             ||    89
  Use: Potion            ||     1
Armor: Scale mail        ||    38
       Plate armour      ||    59
Dodge: Dodged            ||    49
Block: Buckler           ||    29
